Map: Dusk Towers

Players

LiquidMaNa (MaNa) - Winner!

  • Race: Protoss Protoss
  • League: Grandmaster

dTefel (Tefel)

  • Race: Zerg Zerg
  • League: Grandmaster

Event: Corsair Cup 14

VOD

Have the link to the VOD?

Description

Time

  • Played on: March 21, 2016, 3:18 p.m.
  • Length: 10:47

All games in this series

Show
View Real Time Build Order
Export as new Build Order

LiquidMaNa Protoss - Winner!

Build Orders: 1 Gate Expand, Oracle Opening 

Get SALT Encoding   

  12  0:00  Probe (Chrono Boost)  
  13  0:11  Probe (Chrono Boost)  
  14  0:17  Pylon  
  14  0:22  Probe (Chrono Boost)  
  16  0:35  Probe (Chrono Boost)  
  16  0:37  Gateway  
  16  0:46  Probe (Chrono Boost)  
  16  0:47  Assimilator  
  17  0:56  Probe (Chrono Boost)  
  18  1:07  Probe (Chrono Boost)  
  19  1:20  Nexus  
  19  1:28  Probe (Chrono Boost)  
  20  1:33  Cybernetics Core  
  20  1:38  Probe (Chrono Boost)  
  21  1:41  Assimilator  
  21  1:49  Probe (Chrono Boost)  
  22  1:55  Pylon  
  22  1:59  Probe (Chrono Boost)  
  23  2:09  Warp Gate  
  23  2:13  Stalker (Chrono Boost), Probe  
  26  2:25  Probe (Chrono Boost)  
  27  2:31  Probe (Chrono Boost)  
  28  2:37  Probe (Chrono Boost)  
  28  2:39  Stargate  
  28  2:40  Adept  
  28  2:43  Probe (Chrono Boost)  
  32  2:48  Probe (Chrono Boost)  
  33  2:53  Probe (Chrono Boost)  
  34  2:59  Probe (Chrono Boost)  
  34  3:04  Probe (Chrono Boost)  
  36  3:07  Adept  
  36  3:09  Probe (Chrono Boost)  
  39  3:14  Gateway  
  39  3:16  Gateway  
  39  3:23  Oracle (Chrono Boost)  
  39  3:24  Probe x2  
  44  3:34  Mothership Core  
  44  3:37  Pylon  
  46  3:41  Pylon  
  46  3:55  Probe  
  47  3:59  Nexus  
  47  4:04  Probe  
  47  4:07  Probe  
  49  4:12  Adept x3  
  49  4:15  Probe  
  55  4:19  Probe  
  57  4:25  Robotics Facility  
  57  4:27  Probe  
  58  4:31  Probe, Assimilator  
  58  4:38  Probe  
  55  4:46  Probe  
  55  4:49  Probe  
  57  4:59  Sentry x2, Probe  
  62  5:02  Pylon  
  62  5:04  Pylon  
  62  5:05  Probe  
  62  5:06  Assimilator  
  61  5:11  Probe  
  61  5:12  Probe  
  61  5:13  Immortal (Chrono Boost)  
  66  5:15  Probe  
  64  5:23  Oracle (Chrono Boost), Probe x2  
  64  5:26  Probe  
  70  5:34  Probe  
  70  5:35  Probe  
  72  5:37  Zealot  
  72  5:41  Gateway  
  70  5:43  Forge  
  70  5:50  Gateway  
  70  5:51  Immortal (Chrono Boost)  
  70  5:52  Sentry  
  76  5:58  Pylon, Probe  
  76  5:59  Probe x2  
  76  6:02  Pylon  
  76  6:03  Zealot  
  81  6:04  Zealot  
  83  6:11  Twilight Council  
  83  6:13  Assimilator  
  83  6:14  Assimilator  
  83  6:18  Protoss Ground Weapons Level 1 (Chrono Boost), Pylon  
  83  6:24  Warp Prism  
  83  6:25  Zealot x2  
  87  6:26  Zealot  
  87  6:29  Probe  
  87  6:31  Probe  
  93  6:39  Probe  
  94  6:45  Zealot  
  94  6:46  Zealot x3  
  102  6:47  Probe  
  102  6:52  Charge  
  103  6:55  Probe  
  103  6:57  Probe  
  103  6:58  Templar Archives  
  105  7:03  Immortal  
  109  7:10  Robotics Facility  
  109  7:16  Pylon, Probe, Phoenix  
  109  7:17  Probe  
  109  7:20  Probe  
  114  7:25  Pylon x2  
  114  7:31  Psionic Storm, Pylon  
  114  7:39  High Templar  
  114  7:41  High Templar  
  118  7:47  Gateway  
  118  7:49  Gateway x2, Protoss Ground Weapons Level 2 (Chrono Boost)  
  118  7:50  Gateway  
  118  7:53  Immortal (Chrono Boost)  
  122  8:03  Immortal (Chrono Boost)  
  123  8:27  Zealot x5  
  133  8:35  Immortal (Chrono Boost)  
  133  8:40  Immortal (Chrono Boost)  
  133  8:48  High Templar x2  
  133  8:49  High Templar x2  
  133  8:53  Archon  
  137  8:59  Pylon  
  137  9:00  Pylon, Oracle  
  140  9:03  Pylon  
  140  9:07  Zealot x2  
  144  9:15  Immortal (Chrono Boost)  
  148  9:18  Nexus  
  148  9:19  Pylon  
  148  9:22  Pylon  
  148  9:26  High Templar x2  
  148  9:29  Immortal (Chrono Boost)  
  148  9:31  Archon  
  156  9:35  Zealot x4  
  164  9:49  High Templar x2, Zealot  
  170  9:53  Archon  
  170  10:06  Zealot x2  
  170  10:07  Zealot x4  
  178  10:11  Immortal (Chrono Boost)  
  164  10:22  Archon  
  164  10:24  Zealot  
  164  10:25  Zealot x2  
  152  10:28  High Templar x3  
Show
View Real Time Build Order
Export as new Build Order

dTefel Zerg 

Build Orders: Hatch First, Lurkers 

Get SALT Encoding   

  12  0:00  Drone  
  13  0:07  Drone  
  14  0:17  Overlord  
  14  0:22  Extractor  
  14  0:23  Drone  
  15  0:35  Drone x2  
  17  0:52  Hatchery  
  17  0:53  Drone  
  17  0:57  Drone  
  18  1:14  Spawning Pool  
  18  1:17  Drone x2  
  19  1:36  Hatchery  
  18  1:41  Extractor, Drone  
  18  1:45  Drone  
  19  1:48  Drone  
  20  2:00  Queen  
  22  2:04  Drone x2  
  24  2:10  Queen  
  26  2:17  Overlord  
  26  2:21  Drone  
  27  2:24  Drone  
  28  2:37  Drone x3  
  31  2:43  Metabolic Boost  
  31  2:48  Queen  
  31  2:50  Drone x2  
  35  2:52  Drone  
  35  2:55  Drone  
  37  3:03  Drone  
  37  3:04  Overlord  
  38  3:06  Drone  
  38  3:10  Drone x3  
  42  3:23  Drone x7  
  49  3:27  Overlord  
  49  3:28  Zergling x2  
  49  3:30  Extractor  
  49  3:32  Roach Warren  
  48  3:35  Zergling x2  
  48  3:38  Overlord  
  48  3:40  Drone  
  50  3:41  Extractor  
  50  3:42  Drone  
  50  3:46  Extractor, Spore Crawler  
  48  3:48  Drone x3  
  48  3:50  Drone  
  48  3:51  Drone  
  53  3:56  Lair  
  53  3:58  Drone x2  
  53  4:01  Spore Crawler  
  55  4:02  Drone  
  55  4:04  Drone  
  55  4:07  Drone  
  55  4:08  Drone x2  
  59  4:11  Overlord  
  59  4:14  Drone x2  
  61  4:19  Roach x2  
  65  4:24  Overlord  
  65  4:26  Overlord  
  65  4:28  Overlord  
  65  4:29  Zergling x2  
  66  4:33  Roach  
  66  4:34  Roach  
  66  4:38  Roach x2  
  69  4:43  Roach  
  69  4:44  Roach  
  70  4:48  Roach  
  69  4:53  Drone x2  
  67  5:01  Drone  
  67  5:05  Drone x2  
  69  5:10  Drone  
  69  5:11  Drone  
  69  5:12  Drone  
  72  5:17  Drone x3  
  72  5:19  Drone  
  76  5:25  Drone x4  
  76  5:27  Drone  
  81  5:35  Drone x4  
  83  5:37  Drone  
  83  5:39  Overlord  
  84  5:44  Extractor  
  84  5:45  Drone  
  84  5:46  Extractor  
  84  5:47  Drone  
  84  5:49  Hydralisk Den, Drone x2  
  85  5:50  Drone  
  85  5:54  Overlord  
  85  5:55  Drone x3  
  89  6:00  Drone x2  
  89  6:01  Evolution Chamber  
  90  6:05  Drone  
  90  6:09  Hatchery  
  90  6:10  Drone  
  91  6:11  Drone  
  91  6:13  Overlord  
  92  6:19  Overlord  
  92  6:20  Drone x2  
  92  6:21  Muscular Augments  
  92  6:23  Hydralisk  
  92  6:24  Hydralisk  
  96  6:26  Hydralisk  
  96  6:32  Zerg Missile Weapons Level 1  
  98  6:33  Hydralisk x2  
  98  6:36  Hydralisk  
  101  6:50  Hydralisk x5  
  111  6:55  Hydralisk x2  
  111  7:00  Hydralisk  
  117  7:02  Overlord  
  117  7:05  Hydralisk  
  117  7:07  Drone  
  117  7:08  Drone  
  121  7:12  Drone x4  
  125  7:17  Hydralisk  
  125  7:18  Hydralisk  
  125  7:19  Drone  
  125  7:21  Extractor, Hydralisk  
  131  7:23  Overlord  
  131  7:26  Hydralisk, Drone  
  131  7:29  Hydralisk  
  136  7:34  Hydralisk x2  
  138  7:38  Hydralisk x2  
  142  7:48  Lurker Den  
  142  7:49  Hydralisk x4  
  142  7:51  Hydralisk  
  150  7:53  Overseer  
  150  7:55  Overlord  
  152  8:00  Overlord  
  152  8:01  Overlord x2  
  152  8:02  Overlord  
  152  8:11  Overlord  
  152  8:16  Overlord  
  152  8:19  Hydralisk x2  
  152  8:20  Hydralisk x2  
  152  8:21  Roach x3  
  152  8:24  Roach  
  168  8:30  Roach x2  
  168  8:31  Roach x2  
  178  8:34  Roach  
  178  8:40  Roach x2  
  182  8:42  Roach  
  184  8:54  Hatchery  
  183  8:56  Hydralisk x2  
  187  9:07  Extractor  
  187  9:09  Spine Crawler  
  186  9:17  Lurker x5  
  186  9:19  Lurker x3  
  193  9:33  Overlord  
  193  9:34  Overlord x3  
  193  9:36  Overlord  
  193  9:39  Overlord  
  191  9:46  Roach  
  191  9:48  Zergling x2  
  191  9:49  Overlord  
  191  9:52  Overlord  
  194  9:53  Roach  
  194  9:57  Roach x2  
  200  10:06  Lurker x2  
  200  10:13  Hydralisk x2  
  199  10:15  Hydralisk  
  199  10:17  Hydralisk x2  
  199  10:18  Hydralisk x2  
  199  10:19  Hydralisk x3  
  199  10:20  Hydralisk  
Tags
 
Add a new tag
Caveats
  • Supply blocks, unpowered buildings, or Contaminate may cause inaccurate times.
  • Supply counts are checked every 10 seconds.